 Dungeon Crawl Stone Soup version 0.23.2-1-ga50397a6bc (webtiles) character file.

Game seed: 15567720321093593062

426 gnacko the Gusty (level 6, 0/32 HPs)
             Began as a Tengu Air Elementalist on Apr 22, 2019.
             Succumbed to a worker ant's poison
             ... on level 4 of the Dungeon.
             The game lasted 00:34:31 (3390 turns).

gnacko the Gusty (Tengu Air Elementalist)           Turns: 3390, Time: 00:34:31

Health: 0/32       AC:  2    Str:  8    XL:     6   Next: 97%
Magic:  1/12       EV: 13    Int: 17    God:
Gold:   243        SH:  0    Dex: 15    Spells: 2/12 levels left

rFire    . . .     SeeInvis .   q - +2 quarterstaff (distort)
rCold    . . .     Gourm    .   (shield currently unavailable)
rNeg     . . .     Faith    .   t - +0 robe
rPois    .         Spirit   .   (helmet restricted)
rElec    .         Reflect  .   (no cloak)
rCorr    .         Harm     .   (no gloves)
MR       .....                  (boots unavailable)
Stlth    ++........             (no amulet)
HPRegen  0.10/turn              (no ring)
MPRegen  0.13/turn              (no ring)

@: lethally poisoned (0 -> -13)
A: beak, talons 3, able to fly
a: Fly


You were on level 4 of the Dungeon.
You were not hungry.

You visited 1 branch of the dungeon, and saw 4 of its levels.

You collected 243 gold pieces.

Inventory:

Hand Weapons
 m - a +0 morningstar
 q - a +2 quarterstaff of distortion (weapon)
Missiles
 g - 27 poisoned needles
Armour
 a - a +0 robe
 t - a +0 robe (worn)
Jewellery
 b - a +3 ring of protection {unknown}
 u - an uncursed ring of protection from cold {unknown}
Wands
 s - a wand of enslavement (7)
Scrolls
 d - 2 scrolls of teleportation {unknown}
 e - 5 scrolls of remove curse {unknown}
 h - 2 scrolls of noise {unknown}
 i - a scroll of fog {unknown}
 j - 6 scrolls of identify {unknown}
 k - a scroll of amnesia {unknown}
 l - a scroll of immolation {unknown}
 o - a scroll of fear {unknown}
 p - a scroll of enchant armour {unknown}
 w - a scroll of enchant weapon {unknown}
Potions
 f - a potion of cancellation {unknown}
 n - a potion of heal wounds {unknown}
 r - 2 potions of curing {unknown}
 v - a potion of resistance {unknown}
Comestibles
 c - 6 rations


   Skills:
 - Level 0.1 Fighting
 - Level 0.6(0.7) Maces & Flails
 + Level 0.3(0.5) Staves
 + Level 2.7 Dodging
 - Level 2.0 Stealth
 + Level 3.7 Spellcasting
 * Level 5.8 Conjurations
 + Level 6.1 Air Magic


You had 2 spell levels left.
You knew the following spells:

 Your Spells              Type           Power        Failure   Level  Hunger
a - Shock                 Conj/Air       ###.         1%          1    None
b - Static Discharge      Conj/Air       ###.....     4%          3    ###....
c - Swiftness             Chrm/Air       ##......     7%          2    ##.....
d - Airstrike             Air            ###.......   13%         4    ####...

Your spell library contained the following spells:

 Spells                   Type           Power        Failure   Level  Hunger
 Lightning Bolt           Conj/Air       ###.......   36%         5    ######.


Dungeon Overview and Level Annotations

Branches:
Dungeon (4/15)
 Temple: D:4-7

Altars:
Cheibriados
Fedhas
Hepliaklqana
Makhleb
Qazlal
Wu Jian
The Shining One


Innate Abilities, Weirdness & Mutations

You have a beak for a mouth.
You have claws for feet.
You can fly continuously.


Message History

You feel sick. The worker ant bites you.
You are more poisoned.
The worker ant poisons you!
Casting: Shock (safe; 1% risk of failure)
Confirm with . or Enter, or press ? or * to list all spells.
Aiming: Shock (safe; 1% risk of failure)
Press: ? - help, Shift-Dir - straight line, f/p - worker ant
Aim: a worker ant (almost dead)
The zap misses the worker ant.
You feel sick. The worker ant closely misses you. The worker ant bites you.
You are lethally poisoned!
The worker ant poisons you!
You feel sick. The worker ant barely misses you.
You feel sick. The worker ant bites you. x2
* * * LOW HITPOINT WARNING * * *
* * * LOW HITPOINT WARNING * * *
You feel sick. The worker ant bites you.
* * * LOW HITPOINT WARNING * * *
You die...

#.# ... #.# #....
#.# #..... #.#
...... #.# ......
#.#####..
#..####@a......
#....[...##....
#..............
#......)......
#..........###
#..#..#...##
##..#...### #
#..#...#
#.###..##..#####..


You could see a worker ant.

Vanquished Creatures
  5 wights
  A hound (D:3)
  A centaur skeleton (D:3)
  An orc wizard (D:3)
  Terence (D:2)
  Robin (D:3)
  An adder (D:3)
  A worm (D:3)
  2 dart slugs
  A leopard gecko (D:1)
  9 orcs
  4 giant cockroaches
  17 goblins
  2 hobgoblins (D:1)
  4 kobolds
  3 ball pythons
  A ball python skeleton (D:4)
  15 bats
  4 frilled lizards
  A jackal skeleton (D:4)
  6 rats
81 creatures vanquished.

Notes
Turn   | Place    | Note
-------+----------+-------------------------------------------
     0 | D:1      | gnacko the Tengu Air Elementalist began the quest for the
                  | Orb.
     0 | D:1      | Reached XP level 1. HP: 10/10 MP: 4/4
   198 | D:1      | Reached XP level 2. HP: 14/15 MP: 1/6
   276 | D:1      | Found a snail-covered altar of Cheibriados.
   553 | D:1      | Reached skill level 5 in Air Magic
   553 | D:1      | Reached XP level 3. HP: 19/19 MP: 1/7
   951 | D:2      | Found an ornate altar of the Wu Jian Council.
   993 | D:2      | Noticed Terence
  1036 | D:2      | Killed Terence
  1057 | D:2      | Reached XP level 4. HP: 24/24 MP: 1/8
  1519 | D:3      | Found a stormy altar of Qazlal.
  1798 | D:3      | HP: 1/24 [centaur skeleton (2)]
  2126 | D:3      | Gained mutation: You can fly continuously. [Tengu growth]
  2126 | D:3      | Reached XP level 5. HP: 17/28 MP: 0/10
  2339 | D:3      | Found a glowing golden altar of the Shining One.
  2419 | D:3      | Found a hazy altar of Hepliaklqana.
  2622 | D:3      | Noticed Robin
  2673 | D:3      | Killed Robin
  2823 | D:3      | Found a burning altar of Makhleb.
  2896 | D:3      | Reached XP level 6. HP: 32/32 MP: 5/11
  2947 | D:2      | Reached skill level 5 in Conjurations
  3109 | D:2      | Learned a level 3 spell: Static Discharge
  3112 | D:2      | Learned a level 2 spell: Swiftness
  3117 | D:2      | Learned a level 4 spell: Airstrike
  3155 | D:3      | Reached skill level 6 in Air Magic
  3204 | D:3      | Found a blossoming altar of Fedhas.
  3389 | D:4      | HP: 1/32 [worker ant (6)]
  3390 | D:4      | Succumbed to a worker ant's poison

Skill      XL: |  1  2  3  4  5  6 |
---------------+-------------------+-----
Air Magic      | 5 6 |  6.1
Conjurations   | 2 3 4 5 |  5.8
Spellcasting   | 3 |  3.7
Fighting       | |  0.1
Maces & Flails | |  0.6
Staves         | |  0.3
Dodging        | |  2.7
Stealth        | |  2.0

Action                   |  1- 3 |  4- 6 || total
-------------------------+-------+-------++-------
Melee: Unarmed           |     4 |       ||     4
       Club              |     5 |       ||     5
       Peck              |     1 |     2 ||     3
       Kick              |     1 |     2 ||     3
       Morningstar       |       |     5 ||     5
       Quarterstaff      |       |     5 ||     5
 Cast: Shock             |    61 |   138 ||   199
  Eat: Chunk             |     1 |     3 ||     4
       Ration            |       |     2 ||     2
Armor: Robe              |    10 |     5 ||    15
Dodge: Dodged            |    30 |    27 ||    57
